Map: [ESL] Site Delta

Players

Astrea

  • Race: Protoss Protoss
  • Spawn Location: 11:00

Spirit - Winner!

  • Race: Terran Terran
  • Spawn Location: 5:00

Event: ESL Spring 2024 Finals

VOD

Have the link to the VOD?

Description

Time

  • Played on: June 1, 2024, 3:17 p.m.
  • Length: 12:41

All games in this series

Show
View Real Time Build Order
Export as new Build Order

Astrea Protoss 

Build Orders: 1 Gate Expand, Double Forge, Phoenix Opening, Blink Stalkers 

Get SALT Encoding   

  12  0:00  Probe  
  13  0:12  Probe  
  14  0:17  Pylon  
  14  0:24  Probe (Chrono Boost)  
  16  0:35  Gateway  
  16  0:36  Probe (Chrono Boost)  
  16  0:43  Probe (Chrono Boost)  
  16  0:45  Assimilator  
  17  0:51  Probe  
  18  1:03  Probe  
  19  1:15  Probe  
  20  1:19  Nexus  
  20  1:29  Cybernetics Core  
  20  1:32  Probe  
  21  1:37  Assimilator  
  21  1:44  Probe  
  21  1:47  Pylon  
  22  1:56  Probe (Chrono Boost)  
  23  2:05  Shield Battery, Sentry (Chrono Boost)  
  23  2:07  Warp Gate  
  25  2:08  Probe (Chrono Boost)  
  26  2:17  Probe (Chrono Boost)  
  26  2:19  Stalker (Chrono Boost)  
  29  2:24  Probe (Chrono Boost)  
  29  2:27  Phoenix  
  30  2:31  Probe (Chrono Boost)  
  32  2:37  Twilight Council  
  32  2:41  Probe x2 (Chrono Boost)  
  33  2:47  Probe (Chrono Boost)  
  33  2:48  Stalker, Probe  
  37  2:59  Probe  
  37  3:00  Probe  
  37  3:01  Gateway  
  39  3:07  Blink (Chrono Boost)  
  39  3:11  Probe  
  40  3:13  Probe  
  40  3:17  Pylon  
  41  3:23  Probe  
  41  3:25  Probe  
  43  3:32  Gateway  
  43  3:35  Probe  
  44  3:41  Probe  
  44  3:47  Probe  
  46  3:53  Probe  
  47  3:56  Stalker x2  
  47  3:58  Nexus  
  47  4:01  Pylon  
  51  4:03  Probe  
  51  4:06  Probe  
  53  4:15  Probe  
  53  4:16  Phoenix  
  54  4:18  Pylon  
  54  4:19  Probe  
  55  4:27  Probe  
  55  4:28  Stalker x2  
  56  4:36  Probe  
  57  4:40  Probe  
  41  4:45  Charge (Chrono Boost)  
  58  4:49  Forge x2, Probe  
  59  4:53  Pylon  
  59  4:57  Probe  
  60  5:05  Probe  
  61  5:09  Stalker x2, Probe  
  61  5:13  Probe  
  67  5:22  Gateway x2, Protoss Ground Armor Level 1 (Chrono Boost), Protoss Ground Weapons Level 1 (Chrono Boost)  
  67  5:32  Gateway  
  67  5:33  Gateway  
  64  5:37  Probe x2  
  64  5:40  Probe  
  64  5:42  Gateway  
  67  5:49  Zealot, Probe x2  
  71  5:51  Zealot  
  71  5:52  Probe  
  71  5:56  Zealot  
  76  5:58  Pylon  
  76  6:01  Probe  
  76  6:02  Probe  
  79  6:04  Probe  
  79  6:11  Robotics Facility  
  79  6:12  Zealot  
  79  6:13  Probe  
  79  6:14  Shield Battery  
  79  6:17  Zealot, Pylon  
  84  6:27  Zealot x5  
  84  6:32  Pylon  
  94  6:34  Zealot  
  94  6:38  Zealot x2  
  100  6:46  Probe x3  
  102  6:48  Zealot  
  102  6:49  Zealot  
  102  6:53  Zealot  
  104  6:55  Zealot  
  104  6:58  Zealot  
  104  6:59  Pylon  
  106  7:03  Zealot x2  
  106  7:08  Zealot, Observer (Chrono Boost)  
  109  7:14  Zealot x3  
  116  7:16  Protoss Ground Armor Level 2 (Chrono Boost)  
  116  7:19  Pylon x2  
  116  7:27  Protoss Ground Weapons Level 2 (Chrono Boost)  
  116  7:28  Zealot x2  
  116  7:29  Zealot x2  
  100  7:42  Stalker x3  
  96  7:46  Zealot  
  97  7:51  Zealot x2  
  97  7:52  Zealot x2  
  95  8:09  Zealot  
  95  8:10  Zealot x3  
  103  8:13  Zealot x3  
  99  8:20  Zealot  
  95  8:33  Zealot x6  
  105  8:34  Zealot  
  103  8:43  Zealot  
  103  8:45  Pylon  
  103  8:47  Pylon  
  103  8:48  Pylon x2  
  101  9:01  Zealot x7  
  98  9:06  Zealot  
  88  9:26  Stalker x2, Sentry x2  
  88  9:27  Stalker x2  
  90  9:39  Zealot x2  
  80  9:58  Zealot  
  80  9:59  Zealot x4  
  88  10:10  Sentry  
  71  10:32  Zealot x2  
  70  10:40  Zealot  
  61  10:59  Observer  
  61  11:03  Zealot x3  
  48  12:00  Cybernetics Core  
Show
View Real Time Build Order
Export as new Build Order

Spirit Terran - Winner!

Build Orders:  

Get SALT Encoding   

  12  0:00  SCV  
  13  0:12  SCV  
  14  0:16  Supply Depot  
  14  0:24  SCV  
  15  0:38  SCV  
  15  0:40  Barracks  
  16  0:43  Refinery  
  16  0:50  SCV  
  17  1:02  SCV  
  18  1:14  SCV  
  19  1:26  Marine  
  19  1:27  Orbital Command  
  20  1:39  Command Center  
  20  1:49  Factory  
  20  1:52  SCV  
  21  1:57  Refinery  
  21  2:03  Barracks Reactor  
  21  2:04  SCV  
  22  2:11  Supply Depot  
  22  2:17  SCV  
  23  2:32  SCV  
  23  2:34  Starport  
  26  2:37  Widow Mine  
  26  2:39  Marine  
  26  2:40  Marine  
  28  2:44  SCV  
  28  2:51  Orbital Command  
  29  2:56  SCV  
  29  2:58  Widow Mine  
  32  2:59  Marine  
  32  3:04  Marine  
  34  3:08  SCV  
  34  3:11  Medivac  
  37  3:16  SCV  
  37  3:19  Widow Mine  
  40  3:20  Supply Depot  
  40  3:22  SCV  
  43  3:28  SCV  
  42  3:34  SCV  
  42  3:36  Barracks  
  42  3:39  Barracks Tech Lab  
  42  3:40  Barracks  
  43  3:41  SCV  
  43  3:46  SCV  
  43  3:47  Starport Tech Lab, Factory Tech Lab  
  45  3:51  Supply Depot  
  45  3:53  SCV  
  46  3:58  SCV, Stimpack  
  47  4:06  SCV  
  47  4:08  Raven  
  50  4:10  SCV  
  50  4:14  Supply Depot  
  50  4:15  Refinery  
  51  4:18  SCV  
  51  4:23  SCV  
  53  4:29  Marine  
  53  4:30  SCV  
  55  4:35  SCV  
  55  4:36  Bunker  
  54  4:39  Combat Shield, Engineering Bay  
  54  4:42  SCV  
  54  4:44  Marine, Factory Reactor  
  55  4:47  SCV, Marine  
  55  4:50  Starport Reactor  
  57  4:53  Supply Depot, Marauder  
  57  4:54  SCV  
  57  4:55  Marine  
  57  4:59  SCV, Refinery  
  62  5:02  Marine  
  62  5:04  Marine  
  62  5:06  Terran Infantry Weapons Level 1, SCV  
  65  5:11  SCV  
  65  5:13  Marine  
  67  5:15  Supply Depot  
  67  5:18  SCV  
  67  5:20  Marine, Missile Turret  
  69  5:22  Supply Depot  
  69  5:23  SCV, Marauder  
  69  5:27  Medivac  
  74  5:28  Medivac  
  74  5:31  Marine  
  77  5:37  Widow Mine x2  
  77  5:38  Marine, Marauder  
  84  5:45  Supply Depot  
  84  5:47  Concussive Shells  
  84  5:48  Supply Depot  
  84  5:49  Marauder  
  86  5:50  Marine  
  86  5:55  Marine  
  88  5:58  Widow Mine x2  
  88  5:59  Marauder  
  94  6:08  Marine  
  94  6:09  Supply Depot  
  94  6:10  Marauder, Medivac  
  99  6:11  Supply Depot  
  99  6:12  Medivac  
  99  6:13  Marine  
  102  6:20  Marauder  
  102  6:23  Barracks  
  102  6:25  Barracks  
  106  6:26  Widow Mine  
  106  6:27  Marine  
  106  6:31  Marauder  
  108  6:34  Widow Mine  
  108  6:36  Marine  
  111  6:42  Marauder  
  111  6:45  Marine  
  114  6:47  Supply Depot  
  114  6:53  Marauder  
  114  6:54  Marine  
  114  6:57  Widow Mine  
  114  7:00  Terran Infantry Armor Level 1, Widow Mine  
  119  7:03  Marine x2  
  119  7:07  Medivac  
  123  7:08  Medivac  
  123  7:10  Supply Depot  
  123  7:11  Marine  
  123  7:12  Supply Depot  
  123  7:14  Marauder  
  128  7:18  Marine, Widow Mine  
  128  7:21  Marine, Marauder  
  134  7:25  Marine  
  134  7:29  Marine  
  120  7:35  Marine, Marauder  
  120  7:37  Medivac  
  120  7:38  Medivac  
  120  7:39  Marine  
  120  7:42  Marine x2  
  122  7:47  Marine  
  121  7:53  Marine  
  121  7:56  Marine x2  
  124  8:00  Marine x2  
  124  8:02  Widow Mine  
  124  8:05  Marine  
  118  8:08  Medivac  
  118  8:10  Widow Mine  
  118  8:11  Marine  
  121  8:14  Marine x2  
  121  8:17  Marine  
  121  8:18  Marine  
  114  8:23  Marine  
  112  8:29  Marine  
  112  8:32  Marine x2  
  111  8:35  Marine  
  111  8:36  Marine  
  111  8:40  Marine  
  113  8:47  Marine  
  112  8:50  Marine x2  
  112  8:53  Marine  
  112  8:54  Marine, Medivac  
  115  8:58  Marine  
  114  9:05  Marine  
  114  9:08  Marine x2  
  115  9:11  Marine  
  115  9:12  Marine  
  115  9:16  Marine  
  117  9:22  Marine  
  117  9:23  Medivac  
  115  9:25  Marine x2  
  115  9:29  Marine x2  
  118  9:34  Marine  
  109  9:40  Marine  
  109  9:43  Marine x2  
  96  9:46  Marine  
  96  9:47  Marine  
  96  9:52  Marine  
  95  9:58  Marine  
  94  10:01  Marine x2  
  94  10:02  Widow Mine  
  94  10:04  Marine  
  94  10:05  Marine  
  98  10:10  Marine  
  99  10:16  Marine  
  99  10:19  Marine x2  
  97  10:23  Marine  
  86  10:30  Marine  
  86  10:31  Marine  
  86  10:34  Marine  
  83  10:42  Widow Mine  
  81  10:48  Marine  
  81  11:03  Ghost Academy  
  77  11:05  SCV  
  77  11:09  SCV  
  79  11:17  SCV  
  80  11:26  SCV  
  80  11:31  Marine x4  
  85  11:37  Ghost  
  67  12:06  Ghost  
  67  12:07  Barracks Tech Lab x3  
  62  12:13  Missile Turret  
  64  12:18  Marine  
  64  12:19  SCV  
Tags
 
Add a new tag
Caveats
  • Supply blocks, unpowered buildings, or Contaminate may cause inaccurate times.
  • Supply counts are checked every 10 seconds.